Map: Overgrown Facility

Players

mrakrek

  • Race: Zerg Zerg
  • Spawn Location: 7:00

zergus

  • Race: Protoss Protoss
  • Spawn Location: 9:00

Ekelpack - Winner!

  • Race: Zerg Zerg
  • Spawn Location: 3:00

Nyck - Winner!

  • Race: Terran Terran
  • League: Silver
  • Spawn Location: 1:00

VOD

Have the link to the VOD?

Description

Time

  • Played on: Oct. 23, 2024, 2:50 p.m.
  • Length: 9:59
Show
View Real Time Build Order
Export as new Build Order

mrakrek Zerg 

Build Orders: Pool First 

Get SALT Encoding   

  12  0:00  Drone  
  13  0:14  Overlord  
  13  0:21  Drone  
  14  0:34  Drone x2  
  16  0:43  Spawning Pool  
  16  0:47  Drone  
  16  0:50  Drone  
  17  1:00  Extractor  
  17  1:04  Drone  
  17  1:09  Overlord  
  17  1:24  Drone  
  18  1:30  Queen  
  20  1:37  Drone  
  21  1:54  Hatchery  
  20  2:03  Metabolic Boost  
  20  2:06  Drone  
  21  2:17  Drone x2  
  23  2:23  Queen  
  25  2:38  Drone x2  
  25  2:42  Zergling x2  
  25  2:43  Zergling x4  
  30  3:09  Drone  
  30  3:10  Drone x3  
  32  3:58  Zergling x6  
  32  3:59  Zergling x4  
  32  4:00  Overlord x3  
  36  4:39  Drone  
  36  4:40  Drone x11  
  48  4:51  Evolution Chamber  
  46  5:03  Hatchery  
  45  5:11  Extractor x2  
  43  5:19  Zergling x2  
  43  5:20  Zergling x16  
  52  5:31  Extractor  
  50  5:51  Zergling x10  
  52  6:11  Overlord x3  
  52  6:12  Overlord  
  52  6:29  Queen  
  46  6:38  Queen  
  47  6:42  Drone  
  47  6:43  Drone x2  
  50  6:56  Lair  
  50  7:04  Queen  
  49  7:14  Queen  
  51  7:25  Zergling x8  
  51  7:26  Zergling x32  
  64  8:03  Drone x9  
  73  8:12  Zergling x2  
  71  8:23  Spore Crawler  
  71  8:25  Spore Crawler  
  69  8:29  Spore Crawler  
  68  8:35  Spore Crawler  
  49  9:25  Zergling x2  
  49  9:26  Zergling x10  
  46  9:56  Hatchery  
Show
View Real Time Build Order
Export as new Build Order

zergus Protoss 

Build Orders:  

Get SALT Encoding   

  12  0:01  Probe  
  13  0:17  Assimilator  
  13  0:22  Probe  
  14  0:34  Probe  
  15  0:43  Pylon  
  15  0:57  Pylon  
  15  1:01  Probe  
  16  1:13  Probe  
  16  1:15  Pylon  
  17  1:25  Probe  
  18  1:30  Gateway  
  18  1:36  Assimilator  
  18  1:37  Probe  
  19  1:49  Probe  
  20  2:01  Probe  
  21  2:13  Probe  
  22  2:17  Nexus  
  22  2:25  Probe  
  22  2:27  Pylon  
  23  2:37  Forge  
  23  2:38  Probe  
  24  2:50  Probe  
  25  3:02  Probe  
  26  3:06  Gateway  
  26  3:14  Cybernetics Core  
  26  3:31  Probe  
  27  3:43  Probe  
  27  3:44  Zealot  
  27  3:45  Assimilator  
  30  3:55  Probe  
  30  3:59  Stalker  
  32  4:07  Probe  
  29  4:11  Zealot  
  28  4:20  Probe  
  28  4:21  Probe  
  30  4:29  Stalker  
  29  4:32  Probe  
  29  4:33  Probe  
  31  4:39  Zealot  
  31  4:44  Probe  
  32  4:46  Probe  
  33  4:58  Probe  
  33  4:59  Stalker  
  34  5:06  Zealot  
  33  5:09  Probe  
  33  5:10  Probe  
  33  5:21  Probe  
  33  5:23  Probe  
  35  5:29  Stalker  
  35  5:33  Zealot, Pylon  
  35  5:34  Probe  
  40  5:35  Probe  
  41  5:46  Probe  
  41  5:47  Probe  
  43  5:58  Probe  
  43  6:00  Probe  
  45  6:10  Pylon  
  45  6:12  Stalker, Probe  
  45  6:13  Stalker  
  50  6:21  Probe  
  51  6:29  Protoss Ground Weapons Level 1  
  51  6:34  Probe  
  52  6:42  Stalker  
  52  6:43  Stalker  
  52  6:46  Probe  
  57  6:56  Nexus  
  57  6:58  Assimilator, Probe  
  57  6:59  Assimilator  
  58  7:04  Pylon  
  58  7:10  Pylon  
  58  7:12  Stalker  
  17  8:01  Probe  
  18  8:13  Probe  
  19  8:25  Probe  
  20  8:38  Probe, Photon Cannon  
  14  8:50  Probe  
Show
View Real Time Build Order
Export as new Build Order

Ekelpack Zerg - Winner!

Build Orders: Hatch First 

Get SALT Encoding   

  12  0:00  Drone  
  13  0:13  Overlord  
  13  0:18  Drone  
  14  0:33  Drone  
  15  0:48  Hatchery  
  14  0:51  Drone  
  15  1:08  Spawning Pool  
  15  1:10  Drone  
  15  1:14  Drone  
  15  1:18  Drone  
  17  1:21  Extractor  
  17  1:23  Drone  
  17  1:31  Drone  
  18  1:44  Drone  
  19  1:55  Queen  
  19  1:59  Queen  
  23  2:02  Drone  
  24  2:10  Overlord  
  24  2:15  Zergling x2  
  25  2:20  Drone x2  
  27  2:31  Zergling x4  
  27  2:33  Metabolic Boost  
  29  2:45  Drone  
  29  2:47  Drone  
  29  2:48  Drone  
  32  2:58  Lair  
  32  3:00  Drone  
  32  3:01  Overlord  
  32  3:02  Drone  
  34  3:09  Overlord  
  34  3:11  Drone x2  
  36  3:14  Extractor  
  35  3:23  Drone x3  
  35  3:24  Drone x2  
  40  3:32  Extractor  
  39  3:50  Drone x6  
  39  3:51  Drone  
  45  4:02  Zergling x8  
  49  4:03  Zergling x2  
  50  4:15  Zergling x4  
  51  4:21  Spire  
  50  4:26  Overlord  
  50  4:27  Overlord x2, Extractor  
  49  4:51  Overlord  
  45  5:02  Overlord x2  
  43  5:19  Hatchery  
  42  5:33  Zerg Flyer Weapons Level 1  
  42  5:34  Mutalisk x5  
  42  5:35  Mutalisk x3  
  58  5:54  Zergling x10  
  58  5:55  Zergling x4  
  65  6:08  Mutalisk x4  
  65  6:09  Mutalisk  
  70  6:36  Mutalisk  
  70  6:37  Zergling x2, Mutalisk x2  
  70  6:38  Zergling x6  
  80  6:49  Zergling x6  
  80  6:52  Queen  
  85  6:54  Drone  
  86  7:11  Zergling x2  
  86  7:12  Zergling x10  
  90  7:28  Mutalisk x6  
  102  7:30  Overlord x2  
  102  7:47  Mutalisk  
  102  7:48  Overlord x2  
  100  8:10  Drone x3  
  94  8:29  Drone, Infestation Pit  
  94  8:49  Zergling x8  
  94  8:50  Zergling x12  
  94  8:51  Zergling x10  
  109  9:07  Evolution Chamber  
  106  9:28  Mutalisk x4  
  106  9:29  Overlord, Mutalisk  
  106  9:30  Zergling x6, Overlord  
  106  9:31  Zergling x12  
Show
View Real Time Build Order
Export as new Build Order

Nyck Terran - Winner!

Build Orders: Reaper Expand 

Get SALT Encoding   

  12  0:00  SCV  
  13  0:14  Supply Depot  
  13  0:18  SCV  
  14  0:30  SCV  
  15  0:42  SCV  
  17  0:57  SCV  
  17  1:03  Command Center  
  17  1:14  Barracks  
  17  1:17  SCV  
  18  1:24  Refinery  
  18  1:30  Refinery  
  18  1:33  SCV  
  19  2:01  Orbital Command  
  19  2:04  Barracks  
  19  2:05  Reaper  
  20  2:11  Supply Depot  
  20  2:19  SCV  
  21  2:28  SCV  
  23  2:38  Orbital Command  
  22  2:45  SCV  
  23  2:53  Marine x2  
  23  2:58  SCV  
  26  3:05  SCV, Engineering Bay  
  27  3:16  SCV  
  27  3:17  Marine x2  
  30  3:31  SCV  
  30  3:32  SCV  
  32  3:35  Marine x2  
  34  3:43  SCV  
  34  3:44  SCV  
  36  3:53  Marine x2  
  38  3:56  SCV x2  
  40  4:08  SCV x2  
  42  4:11  Marine x2  
  44  4:20  SCV  
  45  4:39  SCV  
  46  4:57  SCV x2, Marine x2, Engineering Bay, Terran Infantry Weapons Level 1  
  50  5:01  Factory  
  50  5:07  Barracks x2  
  50  5:09  SCV x2  
  51  5:14  Command Center  
  51  5:18  Barracks Tech Lab  
  51  5:19  Barracks Reactor  
  51  5:21  SCV x2  
  53  5:29  Supply Depot  
  53  5:30  Terran Infantry Armor Level 1  
  53  5:33  SCV x2  
  55  5:39  Supply Depot  
  55  5:45  SCV  
  55  5:46  SCV  
  53  6:00  Marine x2  
  53  6:02  Supply Depot  
  53  6:03  Barracks Tech Lab  
  55  6:05  Barracks Reactor  
  55  6:07  Barracks Reactor  
  55  6:09  Factory Reactor  
  55  6:12  Factory  
  55  6:13  SCV x2, Armory  
  55  6:17  Supply Depot  
  57  6:25  Supply Depot  
  57  6:28  Combat Shield  
  57  6:36  SCV x2  
  57  6:37  Marine x2  
  57  6:38  Marine  
  62  6:48  Supply Depot  
  62  6:49  Barracks  
  62  6:51  SCV x2  
  62  6:53  Refinery, Barracks  
  64  6:56  Refinery  
  64  7:00  Starport  
  64  7:15  Terran Infantry Weapons Level 2  
  64  7:16  Marine  
  64  7:17  Marine x4  
  69  7:24  SCV  
  69  7:25  SCV  
  71  7:36  SCV  
  73  7:37  SCV  
  73  7:44  Orbital Command  
  73  7:49  SCV x2  
  75  7:53  Supply Depot  
  75  7:59  Starport Reactor  
  75  8:08  Marine x2  
  75  8:10  Barracks Reactor  
  75  8:11  Command Center, Barracks Reactor  
  77  8:15  Supply Depot  
  77  8:16  Marine  
  77  8:17  Marine x4  
  82  8:24  SCV x3  
  82  8:26  Marine x2  
  87  8:34  Marine  
  87  8:35  Marine  
  87  8:36  SCV x3  
  87  8:38  Marine x2  
  87  8:39  Supply Depot  
  94  8:45  Marine x3  
  94  8:46  Medivac x2  
  101  8:50  SCV x2  
  101  8:51  SCV  
  101  8:55  Refinery  
  104  8:56  Refinery  
  104  9:02  Supply Depot, SCV  
  105  9:03  SCV x2  
  105  9:09  Refinery  
  107  9:12  Refinery  
  106  9:27  SCV x3  
  106  9:29  Orbital Command  
  109  9:37  Marine x11  
  120  9:39  SCV x3  
Tags
 
Add a new tag
Caveats
  • Supply blocks, unpowered buildings, or Contaminate may cause inaccurate times.
  • Supply counts are checked every 10 seconds.